 Dungeon Crawl Stone Soup version 0.31-a0-564-g3b7de120b3 (webtiles) character file.

Game seed: 16121288530418340046

17 Monkooky the Changeling (level 2, 0/17 HPs)
             Began as a Deep Elf Shapeshifter on Aug 17, 2023.
             Frozen to death by an endoplasm (4 damage)
             ... on level 1 of the Dungeon.
             The game lasted 00:01:21 (308 turns).

Monkooky the Changeling (Deep Elf Shapeshifter)      Turns: 308, Time: 00:01:21

Health: 0/17       AC:  2    Str: 12    XL:     2   Next: 44%
Magic:  4/4        EV: 12    Int: 12    God:
Gold:   10         SH:  0    Dex: 15    Spells: 1/1 levels left

rFire   . .          .
                       - Unarmed
rCold   . . .        (no shield)
rNeg    . . .        a - +0 animal skin
rPois   .            (helmet currently unavailable)
rElec   .            (cloak currently unavailable)
rCorr   .            (gloves currently unavailable)
SInv    .            (boots currently unavailable)
Will    .....        (no amulet)
Stlth   ++           (no ring)
HPRegen 0.22/turn    (no ring)
MPRegen 0.09/turn

%: no passive effects
@: beast-form
A: beast (slay +2)
a: Begin Untransformation


You were on level 1 of the Dungeon.
You were a hulking beast.
You visited 1 branch of the dungeon, and saw 1 of its levels.

You collected 10 gold pieces.

Inventory:

Hand Weapons
 f - a +0 dagger
Armour
 a - a +0 animal skin (worn)
Talismans
 c - a beast talisman (active)
 d - a flux talisman
Scrolls
 e - a scroll of torment {unknown}
 g - a scroll of brand weapon {unknown}
 h - a scroll of fear {unknown}
 i - a scroll of noise {unknown}
Potions
 b - a potion of lignification


   Skills:
 - Level 1.6 Fighting
 - Level 2.4 Dodging
 + Level 1.6 Stealth
 - Level 2.4 Unarmed Combat
 - Level 3.2 Shapeshifting


You had one spell level left.
You didn't know any spells.
Your spell library contained the following spells:

 Spells                   Type           Power      Damage    Failure   Level
 Sandblast                Erth           0%         2d4       32%         1
 Passwall                 Tmut/Erth      0%         N/A       45%         2
 Stone Arrow              Conj/Erth      0%         3d7       69%         3


Dungeon Overview and Level Annotations

Branches:
Dungeon (1/15)

Altars:


Message History

The bat barely misses you. The kobold misses you.
Items here: " $ ) †.
You closely miss the bat.
The bat is severely wounded.
The bat closely misses you. The kobold closely misses you.
You hit the kobold.
The kobold is severely wounded.
The kobold barely misses you.
You closely miss the bat.
The bat is severely wounded.
The bat closely misses you.
The kobold hits you with a +0 short sword.
An endoplasm comes into view.
The endoplasm quivers.
You hit the kobold.
You kill the kobold!
The bat barely misses you.
You punch the bat!
You kill the bat!
Things that are here:
a +0 short sword; a stone; a kobold corpse
Items here: " $ ) †.
Items here: " $ ) †.
You completely miss the endoplasm. The endoplasm hits you.
You hit the endoplasm.
The endoplasm is heavily wounded.
The endoplasm barely misses you.
You hit the endoplasm.
The endoplasm is almost dead.
The endoplasm hits you.
You hit the endoplasm but do no damage.
The endoplasm is almost dead.
The endoplasm freezes you.
You are frozen.
* * * LOW HITPOINT WARNING * * *
You barely miss the endoplasm.
The endoplasm is almost dead.
The endoplasm freezes you.
You are frozen.
You die...

.........#
#........#
##........#
#....#
...##....########
.........##.....#
...##....##.....#
.. #.##J##.....#
. #.
#)h.....†#######
#.
#.#####........#
#. ###
#########.# ..
........#.####
#########.#
#######.......
#..........
###.....##
#...........#
#.........
#...#..#..#.#
#....#####
#........≈..+
#....#


You could see an endoplasm.

Vanquished Creatures
  4 ball pythons (D:1)
  3 bats (D:1)
  5 goblins (D:1)
  A kobold (D:1)
  2 rats (D:1)
15 creatures vanquished.

Notes
Turn   | Place    | Note
-------+----------+-------------------------------------------
     0 | D:1      | Monkooky the Deep Elf Shapeshifter began the quest for the
                  | Orb.
     0 | D:1      | Reached XP level 1. HP: 11/11 MP: 3/3
    26 | D:1      | Reached skill level 1 in Fighting
   169 | D:1      | Reached XP level 2. HP: 17/17 MP: 4/4
   235 | D:1      | Reached skill level 1 in Stealth
   308 | D:1      | Frozen to death by an endoplasm

Illustrated notes

Levels and vault maps discovered:
D:1:      shiori_arrival_oz, layout_basic, minmay_misc_feat_iff

Skill      XL: |  1  2 |
---------------+-------+-----
Fighting       | 1 |  1.6
Stealth        | 1 |  1.6
Dodging        | |  2.4
Unarmed Combat | |  2.4
Shapeshifting  | |  3.2

Action                     || total
---------------------------++-------
  Melee: Unarmed           ||    43
   Stab: Sleeping          ||     1
 Armour: Animal skin       ||    10
  Dodge: Dodged            ||    38

Table legend: (Time is in decaauts)
 A = Elapsed time spent in this place.
 B = Non-inter-level travel time spent in this place.
 C = Inter-level travel time spent in this place.
 D = Time resting spent in this place.
 E = Time spent auto-exploring this place.
 F = Levels seen in this place.
 G = Mean time per level.
                   A        B        C        D        E       F      G
               +--------+--------+--------+--------+--------+-----+--------+
         Total |    305 |    305 |      0 |      0 |    177 |   1 |  305.0 |
       Dungeon |    305 |    305 |      0 |      0 |    177 |   1 |  305.0 |
               +--------+--------+--------+--------+--------+-----+--------+

Top non-repeatable levels by time:
     D:1: 305 daAuts
